 Dungeon Crawl Stone Soup version 0.21-a0-525-ga34b322 (webtiles) character file.

227 solxrula the Cudgeler (level 5, -2/53 HPs)
             Began as a Troll Berserker on Dec 8, 2017.
             Was a Priest of Trog.
             Slain by an orc wizard
             ... wielding a +0 dagger
              (4 damage)
             ... on level 3 of the Dungeon.
             The game lasted 00:11:03 (2091 turns).

solxrula the Cudgeler (Troll Berserker)             Turns: 2091, Time: 00:11:04

Health: -2/53      AC:  6    Str: 26    XL:     5   Next: 70%
Magic:  4/4        EV: 10    Int:  3    God:    Trog [***...]
Gold:   72         SH:  0    Dex:  9    Spells: 4/4 levels left

rFire    . . .     SeeInvis .   a - +1 mace
rCold    . . .     Gourm    +   (no shield)
rNeg     . . .     Faith    .   g - +1 robe {Archmagi}
rPois    .         Spirit   .   (helmet restricted)
rElec    .         Reflect  .   (no cloak)
rCorr    .         Harm     .   (gloves unavailable)
MR       .....                  (boots unavailable)
Stlth    +.........             (no amulet)
HPRegen  0.57/turn              (no ring)
MPRegen  0.09/turn              (no ring)

@: no status effects
A: large, unfitting armour, claws 3, fast metabolism 3, gourmand, regeneration
1, shaggy fur 1, tough skin 2
a: Berserk, Trog's Hand, Burn Spellbooks, Renounce Religion


You were on level 3 of the Dungeon.
You worshipped Trog.
Trog was most pleased with you.
You were very full.

You visited 1 branch of the dungeon, and saw 3 of its levels.

You collected 72 gold pieces.

Inventory:

Hand Weapons
 a - a +1 mace (weapon)
Armour
 b - a +2 animal skin
 g - a +1 robe of the Archmagi (worn)
Wands
 e - a wand of random effects (41)
 q - a wand of polymorph (8)
Potions
 d - a potion of resistance
 h - a potion of ambrosia
Comestibles
 c - 2 bread rations
 f - a royal jelly
 i - a meat ration


   Skills:
 + Level 3.2 Fighting
 * Level 4.9 Maces & Flails
 + Level 3.0 Dodging


You had 4 spell levels left.
You didn't know any spells.

Dungeon Overview and Level Annotations

Branches:
Dungeon (3/15)

Altars:
Dithmenos
Elyvilon


Innate Abilities, Weirdness & Mutations

You are too large for most types of armour.
You have claws for hands.
Your metabolism is lightning-fast.
You like to eat raw meat.
Your natural rate of healing is unusually fast.
You are covered in fur. (AC +1)
You have very tough skin. (AC +2)


Message History

The jackal bites you but does no damage. x4
You barely miss the jackal. Something hits you but does no damage.
The jackal bites you but does no damage. x2
Something hits you but does no damage.
The orc wizard gestures at you while chanting.
The magic dart hits something.
The jackal barely misses you. The jackal bites you.
* * * LOW HITPOINT WARNING * * *
You miss something.
You hear some strange, mumbled words.
A magic dart appears from out of thin air!
The magic dart hits you!
* * * LOW HITPOINT WARNING * * *
The jackal bites you but does no damage.
The jackal closely misses you. Something hits you.
* * * LOW HITPOINT WARNING * * *
You miss something. The jackal misses you.
The jackal bites you but does no damage.
Something hits you.
You die...

### #.. #.. .. #..
.# #.? ######(# .
##..###.<))..#
...#.........####
#o.....!.#.#...##
.#..#.(...........
......o{@h....####.
#.[...###h###.#
...#..###(###.#
..g.....).).#.#
.......h....#.#
..............
.............#..
............ ...
............. ..


You could see an orc wizard and 2 jackals.

Vanquished Creatures
  The ghost of lukano the Charlatan, a weakling GnAr (D:3)
  Ijyb (D:2)
  Robin (D:2)
  3 adders
  A gnoll (D:3)
  3 oozes (D:1)
  A dart slug (D:1)
  4 orcs
  A ball python (D:1)
  9 bats
  A giant cockroach (D:1)
  21 goblins
  10 hobgoblins
  16 jackals
  6 kobolds
  A quokka (D:2)
  A frilled lizard (D:2)
  6 rats
87 creatures vanquished.

Notes
Turn   | Place    | Note
-------+----------+-------------------------------------------
     0 | D:1      | solxrula the Troll Berserker began the quest for the Orb.
     0 | D:1      | Reached XP level 1. HP: 22/22 MP: 0/0
    96 | D:1      | Reached skill level 3 in Maces & Flails
    98 | D:1      | Reached XP level 2. HP: 27/29 MP: 1/1
   348 | D:1      | Reached XP level 3. HP: 30/36 MP: 2/2
   523 | D:1      | Reached ** piety under Trog
  1227 | D:2      | Reached skill level 4 in Maces & Flails
  1265 | D:2      | Reached XP level 4. HP: 44/44 MP: 3/3
  1416 | D:2      | Found a white marble altar of Elyvilon.
  1490 | D:2      | Found a shadowy altar of Dithmenos.
  1638 | D:2      | Noticed Ijyb
  1648 | D:2      | Killed Ijyb
  1814 | D:2      | Noticed Robin
  1825 | D:2      | Reached XP level 5. HP: 53/53 MP: 4/4
  1838 | D:2      | Killed Robin
  1840 | D:2      | Reached *** piety under Trog
  2011 | D:3      | Noticed lukano's ghost (weakling GnAr)
  2027 | D:3      | Killed lukano's ghost
  2090 | D:3      | HP: 1/53 [something (2)]
  2091 | D:3      | Slain by an orc wizard

Vault maps used:
D:1:      dpeg_arrival_triangle_fractal, minmay_cupped
D:2:      kennysheep_the_goblin_king, grunt_dithmenos_smoke, elyvilon_altar_1,
          uniq_robin
D:3:      overflow_temple_1_default, first_bread, uniq_sigmund

Skill      XL: |  1  2  3  4  5 |
---------------+----------------+-----
Maces & Flails | 3 4 |  4.9
Fighting       | 3 |  3.2
Dodging        | 3 |  3.0

Action                   |  1- 3 |  4- 6 || total
-------------------------+-------+-------++-------
Melee: Mace              |   145 |   123 ||   268
       Unarmed           |       |     5 ||     5
Invok: Berserk           |       |     2 ||     2
  Use: Scroll            |     5 |     4 ||     9
       Potion            |       |     6 ||     6
  Eat: Chunk             |    16 |    10 ||    26
Armor: Animal skin       |    78 |       ||    78
       Robe              |       |    88 ||    88
       Skin              |       |     1 ||     1
Dodge: Dodged            |    97 |   129 ||   226

Table legend:
 A = Spawn XP
 B = Non-spawn XP
 C = Spawn XP percentage of total XP
 D = Spawn monster count
 E = Non-spawn monster count
 F = Spawn count percentage of total count
 G = Total turns spent on level
                    A         B        C        D         E        F      G
               +---------+---------+-------+---------+---------+-------+---------
         Total |       0 |     325 |   0.0 |       0 |      87 |   0.0 |  2091
               +---------+---------+-------+---------+---------+-------+---------
           D:1 |       0 |      82 |   0.0 |       0 |      36 |   0.0 |  1177
           D:2 |       0 |     141 |   0.0 |       0 |      40 |   0.0 |   817
           D:3 |       0 |     102 |   0.0 |       0 |      11 |   0.0 |    97
               +---------+---------+-------+---------+---------+-------+---------
